cohdb
Replays
Latest Replays
All Replays
Popular Replays
Top Player Replays
Match Explorer
How It Works
Community
CoH3 Stats
Reddit
Sign in to upload your games and track your stats! →
Sign in with Steam
Match 23925400
Unlisted
Match 23925400
Overview
Messages
Build Orders
End
Construct Barracks
Selects Advanced Infantry Battlegroup
Riflemen Squad
Riflemen Squad
Grenade Package
Riflemen Squad
Selects Convert to Ranger Squad
Convert to Ranger Squad
Mechanized Support Center
Construct Weapon Support Center
Designate Forward Repair Station
Selects Designate Assault Position
M3 75 mm Gun Motor Carriage
Construct Medical Station
Construct Tank Depot
Selects Infantry Assault
Infantry Assault
M4A1 Sherman Medium Tank
Convert to Ranger Squad
Selects Ammunition Storage
Infantry Assault
M4A1 76mm Conversion
???
Bravolxh
R0zovyyЯя
兔耳人形克罗琦
UH|BluEskY
insane
UH|dun! ツ
iceman
0
0
Comments
sign in to comment!
No comments posted yet!